General information
- name: BNet
- type: Ladder team game (AT/RT)
- host: Battle.net
- saver: Blahsmack
map: SunrockCove
- players: 6
- length: 91:09
- speed: Fast
- version: 1.21 W3XP
- replay type: Public
» download(325 KB)
Players
team 1 (loser)
GPTrainee (
pink | 74 APM | 5424 actions | 73:21)
6 Blademaster
1 Wind Walk
2 Critical Strike
2 Mirror Image
1 Bladestorm
6 Shadow Hunter
2 Hex
3 Healing Wave
1 Big Bad Voodoo
» actions
| Assign group hotkey | 95 | |
| Basic commands | 43 | |
| Build / train | 138 | |
| Enter build submenu | 30 | |
| Enter hero's abilities submenu | 13 | |
| Give item / drop item | 13 | |
| Remove unit from queue | 4 | |
| Right click | 2024 | |
| Select / deselect | 723 | |
| Select group hotkey | 2102 | |
| Use ability | 239 | |
5424 total
» units
| Peon | 23 | |
| Troll Witch Doctor | 10 | |
| Shaman | 10 | |
| Tauren | 5 | |
| Kodo Beast | 1 | |
| Troll Batrider | 1 | |
| Demolisher | 18 | |
| Goblin Zeppelin | 14 | |
82 total
» upgrades
| Shaman Training | 2 | |
| Witch Doctor Training | 2 | |
| Melee Weapons | 3 | |
| War Drums Damage Increase | 1 | |
| Armor | 3 | |
| Ranged Weapons | 3 | |
| Burning Oil | 1 | |
15 total
» buildings
| Altar of Storms | 1 | |
| Orc Burrow | 8 | |
| Voodoo Lounge | 1 | |
| Stronghold | 1 | |
| Great Hall | 5 | |
| War Mill | 1 | |
| Spirit Lodge | 2 | |
| Fortress | 1 | |
| Watch Tower | 5 | |
| Tauren Totem | 1 | |
| Beastiary | 1 | |
| Barracks | 2 | |
29 total
» build order
00:09 Altar of Storms
00:17 Orc Burrow
00:42 Voodoo Lounge
02:27 Stronghold
02:48 Great Hall
03:04 Orc Burrow
03:37 War Mill
03:47 Orc Burrow
04:51 Spirit Lodge
04:59 Spirit Lodge
05:33 Fortress
06:30 Watch Tower
06:38 Watch Tower
06:41 Watch Tower
08:46 Tauren Totem
09:00 Great Hall
09:51 Orc Burrow
14:33 Beastiary
14:36 Orc Burrow
15:41 Orc Burrow
16:52 Orc Burrow
17:44 Barracks
17:51 Barracks
18:01 Orc Burrow
20:23 Great Hall
21:48 Watch Tower
21:49 Watch Tower
26:31 Great Hall
54:10 Great Hall
» items
| Healing Salve | 2 | |
| Lesser Clarity Potion | 5 | |
| Scroll of Speed | 2 | |
| Potion of Healing | 5 | |
| Orb of Lightning | 2 | |
| Scroll of Town Portal | 1 | |
| Scroll of Protection | 1 | |
| Potion of Lesser Invulnerability | 3 | |
21 total

»
mlzeee (
orange | 39 APM | 1918 actions | 49:07)
6 Blademaster
2 Critical Strike
3 Wind Walk
1 Bladestorm
3 Far Seer
1 Feral Spirit
1 Chain Lighting
1 Far Sight
» actions
| Basic commands | 193 | |
| Build / train | 87 | |
| Enter build submenu | 39 | |
| Enter hero's abilities submenu | 10 | |
| Give item / drop item | 9 | |
| Remove unit from queue | 1 | |
| Right click | 764 | |
| Select / deselect | 699 | |
| Use ability | 116 | |
1918 total
» units
| Peon | 15 | |
| Grunt | 9 | |
| Tauren | 6 | |
| Goblin Shredder | 1 | |
| Wind Rider | 13 | |
| Goblin Zeppelin | 1 | |
45 total
» upgrades
| Melee Weapons | 4 | |
| Armor | 2 | |
| Pulverize | 1 | |
| Ranged Weapons | 2 | |
| Envenomed Spears | 1 | |
10 total
» buildings
| Altar of Storms | 1 | |
| Orc Burrow | 17 | |
| Barracks | 1 | |
| War Mill | 1 | |
| Stronghold | 1 | |
| Voodoo Lounge | 1 | |
| Watch Tower | 1 | |
| Fortress | 1 | |
| Tauren Totem | 2 | |
| Beastiary | 3 | |
29 total
» build order
00:18 Altar of Storms
00:29 Orc Burrow
00:42 Barracks
01:36 Orc Burrow
02:18 Orc Burrow
03:29 War Mill
03:54 Orc Burrow
03:57 Stronghold
04:18 Voodoo Lounge
05:10 Orc Burrow
05:12 Orc Burrow
05:28 Watch Tower
07:06 Fortress
08:08 Orc Burrow
09:28 Tauren Totem
09:36 Tauren Totem
24:54 Orc Burrow
24:56 Orc Burrow
40:20 Beastiary
40:26 Beastiary
40:53 Beastiary
41:58 Orc Burrow
42:01 Orc Burrow
42:02 Orc Burrow
42:04 Orc Burrow
42:23 Orc Burrow
42:25 Orc Burrow
42:27 Orc Burrow
42:30 Orc Burrow
» items
| Healing Salve | 5 | |
| Lesser Clarity Potion | 3 | |
| Orb of Lightning | 1 | |
| Potion of Mana | 2 | |
| Tiny Great Hall | 2 | |
| Boots of Speed | 1 | |
| Potion of Healing | 2 | |
| Circlet of Nobility | 1 | |
| Periapt of Vitality | 1 | |
18 total
X-DeathDemon-X (
blue | 24 APM | 2153 actions | 91:03)
6 Priestess of the Moon
3 Trueshot Aura
2 Searing Arrows
1 Starfall
» actions
| Assign group hotkey | 15 | |
| Basic commands | 35 | |
| Build / train | 147 | |
| Enter build submenu | 23 | |
| Enter hero's abilities submenu | 6 | |
| Give item / drop item | 4 | |
| Remove unit from queue | 6 | |
| Right click | 1243 | |
| Select / deselect | 550 | |
| Select group hotkey | 14 | |
| Use ability | 110 | |
2153 total
» units
| Wisp | 13 | |
| Archer | 7 | |
| Huntress | 31 | |
| Dryad | 20 | |
| Goblin Zeppelin | 2 | |
| Chimaera | 14 | |
| Wind Rider | -1 | |
| Troll Batrider | 29 | |
| Demolisher | 4 | |
119 total
» upgrades
| Strength of the Wild | 3 | |
| Abolish Magic | 1 | |
| Reinforced Hides | 3 | |
| Corrosive Breath | 1 | |
| Liquid Fire | 2 | |
10 total
» buildings
| Altar of Elders | 1 | |
| Moon Well | 10 | |
| Ancient of War | 2 | |
| Ancient of Wonders | 1 | |
| Tree of Ages | 1 | |
| Hunter's Hall | 1 | |
| Ancient of Lore | 2 | |
| Ancient Protector | 1 | |
| Tree of Life | 1 | |
| Tree of Eternity | 1 | |
| Ancient of Wind | 1 | |
| Chimaera Roost | 5 | |
| Beastiary | 3 | |
30 total
» build order
00:16 Altar of Elders
00:24 Moon Well
00:27 Moon Well
01:41 Ancient of War
02:26 Ancient of Wonders
03:40 Tree of Ages
05:09 Moon Well
05:11 Moon Well
05:13 Moon Well
05:48 Hunter's Hall
06:47 Ancient of War
06:56 Ancient of Lore
08:40 Ancient Protector
17:10 Moon Well
17:12 Moon Well
17:17 Moon Well
17:18 Moon Well
19:47 Ancient of Lore
24:56 Tree of Life
44:12 Moon Well
52:07 Tree of Eternity
54:43 Ancient of Wind
56:04 Chimaera Roost
56:06 Chimaera Roost
56:08 Chimaera Roost
56:11 Chimaera Roost
56:14 Chimaera Roost
74:34 Beastiary
76:34 Beastiary
78:06 Beastiary
» items
| Potion of Lesser Invulnerability | 1 | |
| Scroll of Town Portal | 1 | |
| Circlet of Nobility | 1 | |
3 total
team 2 (winner)
HB_Elite (
red | 71 APM | 983 actions | 13:48)
3 Blademaster
1 Wind Walk
2 Critical Strike
» actions
| Assign group hotkey | 11 | |
| Basic commands | 151 | |
| Build / train | 48 | |
| Enter build submenu | 15 | |
| Enter hero's abilities submenu | 3 | |
| Give item / drop item | 3 | |
| Remove unit from queue | 1 | |
| Right click | 423 | |
| Select / deselect | 149 | |
| Select group hotkey | 126 | |
| Use ability | 53 | |
983 total
» units
| Peon | 8 | |
| Grunt | 7 | |
| Tauren | 4 | |
| Shaman | 5 | |
24 total
» upgrades
| Shaman Training | 2 | |
| Pulverize | 1 | |
3 total
» buildings
| Altar of Storms | 1 | |
| Orc Burrow | 6 | |
| Barracks | 1 | |
| Voodoo Lounge | 1 | |
| Stronghold | 1 | |
| War Mill | 1 | |
| Fortress | 2 | |
| Spirit Lodge | 1 | |
| Tauren Totem | 3 | |
17 total
» build order
00:09 Altar of Storms
00:13 Orc Burrow
00:31 Barracks
01:35 Orc Burrow
01:54 Voodoo Lounge
02:56 Stronghold
03:45 Orc Burrow
03:53 War Mill
05:21 Fortress
05:21 Fortress
05:24 Spirit Lodge
05:53 Orc Burrow
07:45 Tauren Totem
07:50 Tauren Totem
08:26 Orc Burrow
09:59 Tauren Totem
11:30 Orc Burrow
» items
| Lesser Clarity Potion | 1 | |
| Scroll of Speed | 3 | |
| Healing Salve | 2 | |
| Orb of Lightning | 1 | |
| Scroll of Town Portal | 1 | |
| Potion of Healing | 3 | |
11 total
ddtmm.n.n (
green | 51 APM | 697 actions | 13:43)
3 Dark Ranger
2 Black Arrow
1 Life Drain
» actions
| Assign group hotkey | 29 | |
| Basic commands | 50 | |
| Build / train | 32 | |
| Enter build submenu | 18 | |
| Enter hero's abilities submenu | 3 | |
| Remove unit from queue | 2 | |
| Right click | 316 | |
| Select / deselect | 160 | |
| Select group hotkey | 64 | |
| Use ability | 23 | |
697 total
» units
| Peasant | 6 | |
| Footman | 3 | |
| Rifleman | 9 | |
| Mortar Team | 2 | |
20 total
» upgrades
» buildings
| Barracks | 2 | |
| Altar of Kings | 1 | |
| Farm | 6 | |
| Scout Tower | 1 | |
| Arcane Tower | 1 | |
| Arcane Vault | 1 | |
| Blacksmith | 1 | |
| Lumber Mill | 1 | |
| Keep | 1 | |
| Workshop | 1 | |
| Castle | 1 | |
17 total
» build order
00:09 Barracks
00:15 Altar of Kings
00:18 Farm
00:34 Scout Tower
01:40 Arcane Tower
02:00 Arcane Vault
02:33 Farm
02:42 Blacksmith
03:17 Lumber Mill
03:55 Farm
04:35 Barracks
05:00 Keep
05:41 Farm
07:16 Farm
07:46 Workshop
09:16 Farm
09:20 Castle
» items
Blahsmack (
yellow | 46 APM | 4229 actions | 91:09)
4 Archmage
2 Blizzard
2 Brilliance Aura
4 Blood Mage
2 Flame Strike
2 Siphon Mana
» actions
| Assign group hotkey | 1 | |
| Basic commands | 54 | |
| Build / train | 246 | |
| Enter build submenu | 89 | |
| Enter hero's abilities submenu | 9 | |
| Give item / drop item | 8 | |
| Remove unit from queue | 12 | |
| Right click | 2243 | |
| Select / deselect | 1121 | |
| Use ability | 446 | |
4229 total
» units
| Peasant | 36 | |
| Dragonhawk Rider | 10 | |
| Mortar Team | 12 | |
| Goblin Shredder | 3 | |
| Goblin Zeppelin | 5 | |
66 total
» upgrades
| Masonry | 4 | |
| Lumber Harvesting | 3 | |
| Magic Sentry | 1 | |
| Storm Hammers | 1 | |
| Swords | 3 | |
| Armor | 3 | |
| Cloud | 1 | |
| Animal War Training | 1 | |
| Fragmentation Shards | 1 | |
| Flare | 1 | |
| Gunpowder | 2 | |
| Sorceress Training | 2 | |
23 total
» buildings
| Altar of Kings | 2 | |
| Farm | 18 | |
| Lumber Mill | 7 | |
| Scout Tower | 268 | |
| Arcane Tower | 4 | |
| Town Hall | 4 | |
| Keep | 2 | |
| Guard Tower | 101 | |
| Arcane Sanctum | 2 | |
| Castle | 2 | |
| Gryphon Aviary | 4 | |
| Blacksmith | 2 | |
| Arcane Vault | 3 | |
| Barracks | 1 | |
| Workshop | 2 | |
| Cannon Tower | 1 | |
423 total
» build order
00:15 Altar of Kings
00:21 Farm
00:31 Lumber Mill
01:00 Scout Tower
01:04 Scout Tower
01:30 Arcane Tower
01:57 Arcane Tower
02:15 Farm
03:30 Town Hall
04:02 Farm
05:22 Keep
05:36 Scout Tower
05:37 Scout Tower
05:38 Scout Tower
05:39 Scout Tower
05:42 Scout Tower
05:45 Scout Tower
05:46 Scout Tower
07:07 Guard Tower
07:11 Lumber Mill
07:16 Scout Tower
07:16 Scout Tower
07:17 Scout Tower
09:20 Guard Tower
09:31 Arcane Sanctum
10:00 Castle
10:03 Gryphon Aviary
10:06 Gryphon Aviary
10:13 Blacksmith
10:15 Scout Tower
11:44 Farm
11:45 Farm
11:46 Farm
11:50 Arcane Vault
11:56 Arcane Tower
13:39 Barracks
13:53 Scout Tower
13:54 Scout Tower
13:55 Scout Tower
13:56 Scout Tower
13:56 Scout Tower
13:57 Scout Tower
14:00 Scout Tower
14:04 Scout Tower
14:06 Scout Tower
14:13 Scout Tower
14:19 Scout Tower
14:47 Guard Tower
15:33 Town Hall
15:50 Scout Tower
15:56 Scout Tower
15:56 Scout Tower
15:58 Scout Tower
15:58 Scout Tower
15:59 Scout Tower
16:00 Scout Tower
16:04 Scout Tower
16:05 Scout Tower
16:05 Scout Tower
16:07 Scout Tower
16:13 Scout Tower
16:22 Guard Tower
16:31 Guard Tower
16:32 Guard Tower
16:37 Scout Tower
16:39 Scout Tower
16:40 Scout Tower
16:47 Guard Tower
17:03 Guard Tower
17:09 Scout Tower
17:14 Scout Tower
17:19 Guard Tower
17:22 Guard Tower
18:00 Guard Tower
18:00 Guard Tower
19:49 Guard Tower
21:08 Workshop
21:14 Scout Tower
21:18 Scout Tower
21:19 Scout Tower
21:22 Scout Tower
21:23 Scout Tower
21:24 Scout Tower
21:29 Scout Tower
21:29 Scout Tower
21:30 Scout Tower
21:31 Scout Tower
21:32 Scout Tower
21:33 Scout Tower
21:34 Scout Tower
21:57 Town Hall
24:38 Scout Tower
24:44 Scout Tower
24:45 Scout Tower
24:48 Scout Tower
24:49 Scout Tower
24:59 Lumber Mill
25:54 Guard Tower
25:54 Guard Tower
26:06 Guard Tower
26:06 Guard Tower
26:06 Guard Tower
26:32 Scout Tower
26:37 Scout Tower
26:40 Scout Tower
26:42 Scout Tower
26:44 Scout Tower
26:45 Scout Tower
26:46 Scout Tower
27:07 Guard Tower
27:11 Scout Tower
27:13 Scout Tower
27:14 Scout Tower
27:17 Scout Tower
27:18 Scout Tower
27:25 Scout Tower
27:27 Scout Tower
27:28 Scout Tower
27:30 Guard Tower
27:47 Guard Tower
27:47 Guard Tower
27:48 Guard Tower
28:09 Guard Tower
28:09 Guard Tower
28:13 Guard Tower
28:16 Scout Tower
28:20 Scout Tower
29:14 Guard Tower
30:25 Guard Tower
30:30 Scout Tower
30:31 Scout Tower
30:32 Scout Tower
30:33 Scout Tower
30:33 Scout Tower
30:35 Scout Tower
30:36 Scout Tower
30:37 Scout Tower
30:38 Scout Tower
30:39 Scout Tower
30:39 Scout Tower
30:40 Scout Tower
30:42 Scout Tower
30:42 Scout Tower
30:43 Scout Tower
30:44 Scout Tower
30:45 Scout Tower
30:46 Scout Tower
30:50 Scout Tower
30:51 Scout Tower
30:53 Scout Tower
30:54 Scout Tower
30:55 Scout Tower
30:56 Scout Tower
30:58 Scout Tower
30:59 Scout Tower
31:01 Scout Tower
31:02 Scout Tower
31:03 Scout Tower
31:04 Scout Tower
31:05 Scout Tower
31:17 Farm
31:18 Farm
31:19 Farm
31:20 Farm
31:21 Farm
31:22 Farm
31:24 Farm
31:25 Farm
31:26 Farm
31:27 Farm
31:28 Farm
31:28 Farm
31:32 Guard Tower
31:43 Guard Tower
32:21 Guard Tower
32:22 Guard Tower
32:25 Guard Tower
32:28 Keep
32:35 Altar of Kings
32:41 Guard Tower
32:43 Guard Tower
32:45 Guard Tower
32:57 Arcane Vault
33:12 Guard Tower
33:54 Scout Tower
33:56 Scout Tower
33:57 Scout Tower
33:59 Scout Tower
34:00 Scout Tower
34:01 Scout Tower
34:03 Scout Tower
34:04 Scout Tower
34:05 Scout Tower
34:08 Scout Tower
34:09 Scout Tower
34:10 Scout Tower
34:19 Scout Tower
34:20 Scout Tower
34:21 Scout Tower
34:22 Scout Tower
34:23 Scout Tower
34:24 Scout Tower
34:59 Castle
35:02 Gryphon Aviary
35:06 Gryphon Aviary
35:09 Guard Tower
35:30 Guard Tower
36:17 Scout Tower
36:18 Scout Tower
36:20 Scout Tower
36:21 Scout Tower
36:21 Scout Tower
36:22 Scout Tower
36:23 Scout Tower
36:23 Scout Tower
36:29 Guard Tower
36:29 Guard Tower
36:41 Blacksmith
36:48 Arcane Sanctum
37:54 Scout Tower
37:55 Scout Tower
38:01 Scout Tower
38:15 Guard Tower
38:17 Guard Tower
38:21 Guard Tower
38:27 Scout Tower
38:28 Scout Tower
38:29 Scout Tower
38:39 Guard Tower
39:12 Guard Tower
39:15 Guard Tower
39:17 Guard Tower
40:45 Guard Tower
41:15 Lumber Mill
43:49 Scout Tower
43:50 Scout Tower
43:51 Scout Tower
44:12 Town Hall
44:19 Scout Tower
44:19 Scout Tower
44:20 Scout Tower
44:21 Scout Tower
44:22 Scout Tower
44:22 Scout Tower
44:23 Scout Tower
44:24 Scout Tower
44:26 Scout Tower
44:26 Scout Tower
44:28 Scout Tower
44:29 Scout Tower
44:30 Scout Tower
45:05 Scout Tower
45:06 Scout Tower
45:13 Scout Tower
45:14 Scout Tower
45:15 Scout Tower
45:18 Scout Tower
45:20 Scout Tower
45:21 Scout Tower
45:21 Scout Tower
45:22 Scout Tower
45:23 Scout Tower
45:26 Scout Tower
45:27 Scout Tower
45:28 Scout Tower
45:29 Scout Tower
45:30 Scout Tower
45:32 Scout Tower
45:33 Scout Tower
45:34 Scout Tower
45:35 Scout Tower
45:47 Scout Tower
45:47 Scout Tower
45:49 Scout Tower
45:54 Scout Tower
45:55 Scout Tower
45:56 Scout Tower
45:57 Scout Tower
45:57 Scout Tower
45:58 Scout Tower
45:58 Scout Tower
45:59 Scout Tower
46:00 Scout Tower
46:02 Guard Tower
46:40 Guard Tower
46:41 Guard Tower
46:52 Guard Tower
46:52 Guard Tower
46:53 Guard Tower
46:55 Guard Tower
47:17 Guard Tower
47:25 Guard Tower
47:38 Scout Tower
47:38 Scout Tower
47:43 Scout Tower
47:45 Scout Tower
47:46 Scout Tower
47:48 Scout Tower
47:50 Scout Tower
47:50 Scout Tower
47:59 Guard Tower
48:11 Guard Tower
48:13 Guard Tower
48:15 Guard Tower
48:19 Arcane Vault
49:33 Guard Tower
50:04 Guard Tower
50:13 Guard Tower
50:53 Guard Tower
50:56 Scout Tower
51:01 Scout Tower
51:35 Guard Tower
52:08 Scout Tower
52:10 Scout Tower
52:10 Scout Tower
52:12 Scout Tower
52:13 Scout Tower
52:14 Scout Tower
52:18 Guard Tower
52:22 Scout Tower
52:23 Scout Tower
52:24 Scout Tower
52:25 Scout Tower
52:25 Scout Tower
52:26 Scout Tower
52:28 Scout Tower
52:29 Scout Tower
52:30 Scout Tower
52:31 Scout Tower
52:40 Guard Tower
52:43 Guard Tower
52:43 Guard Tower
52:47 Guard Tower
52:57 Guard Tower
53:01 Scout Tower
53:02 Scout Tower
53:02 Scout Tower
53:16 Guard Tower
54:44 Guard Tower
56:26 Guard Tower
56:34 Lumber Mill
59:01 Scout Tower
59:02 Scout Tower
59:02 Scout Tower
59:04 Scout Tower
59:05 Scout Tower
59:06 Scout Tower
59:09 Scout Tower
59:11 Scout Tower
59:12 Scout Tower
59:13 Scout Tower
59:14 Scout Tower
59:15 Scout Tower
59:16 Scout Tower
59:17 Scout Tower
59:18 Scout Tower
59:22 Scout Tower
59:23 Scout Tower
59:24 Scout Tower
59:27 Scout Tower
59:29 Scout Tower
59:32 Guard Tower
60:23 Guard Tower
60:39 Scout Tower
60:40 Scout Tower
60:52 Guard Tower
62:03 Guard Tower
62:06 Scout Tower
62:07 Scout Tower
62:08 Scout Tower
62:16 Scout Tower
62:16 Scout Tower
62:17 Scout Tower
62:19 Scout Tower
62:20 Scout Tower
62:21 Scout Tower
62:23 Scout Tower
62:24 Scout Tower
62:24 Scout Tower
62:57 Guard Tower
63:04 Guard Tower
63:32 Guard Tower
64:12 Guard Tower
64:48 Guard Tower
64:50 Guard Tower
65:46 Guard Tower
66:16 Guard Tower
66:50 Scout Tower
66:51 Scout Tower
66:52 Scout Tower
66:59 Guard Tower
67:01 Guard Tower
67:53 Guard Tower
67:56 Guard Tower
68:09 Scout Tower
68:12 Scout Tower
68:13 Scout Tower
68:15 Scout Tower
68:23 Guard Tower
68:27 Scout Tower
74:21 Lumber Mill
81:14 Lumber Mill
84:39 Arcane Tower
86:29 Scout Tower
86:30 Scout Tower
86:31 Scout Tower
86:32 Scout Tower
86:33 Scout Tower
86:41 Scout Tower
86:54 Scout Tower
87:10 Workshop
87:13 Guard Tower
87:28 Guard Tower
88:18 Scout Tower
88:20 Scout Tower
88:24 Cannon Tower
89:07 Guard Tower
89:13 Scout Tower
89:16 Guard Tower
» items
| Scroll of Town Portal | 3 | |
| Potion of Healing | 2 | |
| Orb of Lightning | 1 | |
| Tiny Great Hall | 1 | |
| Ivory Tower | 14 | |
| Orb of Fire | 1 | |
| Scroll of Regeneration | 2 | |
24 total
Chat log
(02:10 / Allies) ddtmm.n.n: rush?
(02:23 / Allies) HB_Elite: creep
(04:59 / Allies) Blahsmack: wait
(04:59 / Allies) Blahsmack: red
(05:03 / Allies) Blahsmack: there
(05:04 / Allies) Blahsmack: slippers
(05:16 / Allies) HB_Elite: gogogo
(05:17 / Allies) Blahsmack: lets crepe the xpos
(07:29 / Allies) Blahsmack: gj
(09:01 / Allies) Blahsmack: tp
(09:28 / Allies) HB_Elite: i need wood fast
(09:39 / Allies) Blahsmack: there
(09:47 / Allies) Blahsmack: gj
(09:50 / Allies) Blahsmack: on the harass
(09:52 / Allies) Blahsmack: that was good
(10:41 / Allies) HB_Elite: tower get
(13:55 / All) GPTrainee: haha
(14:01 / All) X-DeathDemon-X: bye bye bey
(14:14 / All) X-DeathDemon-X: damn wed his base go
(14:20 / All) X-DeathDemon-X: lol
(25:28 / All) GPTrainee: lol
(26:37 / All) GPTrainee: noobish
(29:48 / All) GPTrainee: love this game!
(30:09 / All) GPTrainee: i reach 100 food
(30:37 / All) GPTrainee: noob u can quit!
(30:38 / All) GPTrainee: haha
(30:48 / All) X-DeathDemon-X: he doesnt no how
(32:44 / All) X-DeathDemon-X: fuckin noob quit
(34:25 / All) GPTrainee: lol
(34:43 / All) X-DeathDemon-X: can you plz quit now
(36:52 / All) Blahsmack: LOL
(37:04 / All) X-DeathDemon-X: just quit fagget
(37:08 / All) Blahsmack: NERD RAGE
(37:12 / All) Blahsmack: lol
(37:26 / All) X-DeathDemon-X: your a fagget your not gonna win
(37:27 / All) GPTrainee: noobish hide
(37:56 / All) X-DeathDemon-X: god just quit
(40:54 / All) X-DeathDemon-X: nice yellow level 3 hero
(48:18 / All) X-DeathDemon-X: for narnia!!!!!!
(49:00 / All) Blahsmack: gg nub
(49:10 / All) Blahsmack: lol
(49:13 / All) Blahsmack: fucking noobs
(49:14 / All) X-DeathDemon-X: lol
(50:41 / All) Blahsmack: lol
(50:45 / All) Blahsmack: 2
(50:48 / All) Blahsmack: 2 bases!
(55:07 / All) Blahsmack: all other gold mines are yours except for these two attemp no landings there!
(55:25 / All) X-DeathDemon-X: oh i will
(63:50 / All) GPTrainee: ??
(64:23 / All) Blahsmack: happy easter
(64:32 / All) Blahsmack: merry easter!
(64:44 / All) X-DeathDemon-X: happy fuckin slay day bitch
(64:48 / All) GPTrainee: lol
(64:54 / All) X-DeathDemon-X: just quit you fagget
(64:55 / All) Blahsmack: slay day?
(64:59 / All) Blahsmack: no sorry
(65:03 / All) Blahsmack: why all the homophobia
(65:08 / All) Blahsmack: jesus loved all of us
(65:09 / All) X-DeathDemon-X: thats what happens in jew town
(65:12 / All) Blahsmack: and so does god
(65:20 / All) X-DeathDemon-X: jesus isnt here!!!!!!!!!!!
(65:34 / All) Blahsmack: jesus is here
(65:36 / All) Blahsmack: hes real
(65:40 / All) Blahsmack: hes comming back
(65:42 / All) Blahsmack: tommarow
(65:51 / All) X-DeathDemon-X: to suck my cock
(65:57 / All) Blahsmack: why so hostile
(69:35 / All) Blahsmack: nice landing
(69:51 / All) Blahsmack: pretty noobish
(72:10 / All) Blahsmack: LOL
(72:17 / All) Blahsmack: blue youre so stupid
(72:24 / All) Blahsmack: how many fucking chims did you lose?
(72:26 / All) Blahsmack: ahahahaha
(72:32 / All) Blahsmack: and i didnt even net one
(72:34 / All) X-DeathDemon-X: 21
(72:34 / All) Blahsmack: jesus christ
(72:38 / All) Blahsmack: just quit you noob
(73:24 / All) Blahsmack: ahahaha
(73:29 / All) Blahsmack: quit noob
(75:09 / All) Blahsmack: ahahhaa
(75:10 / All) Blahsmack: bats
(75:11 / All) Blahsmack: l;ol
(78:09 / All) Blahsmack: i got 20k
(78:11 / All) Blahsmack: gold
(78:14 / All) X-DeathDemon-X: liar
(78:15 / All) Blahsmack: im rich beeeotch
(78:16 / All) Blahsmack: no
(78:19 / All) Blahsmack: im not
(78:21 / All) X-DeathDemon-X: prove it
(78:23 / All) Blahsmack: wish i was
(78:26 / All) X-DeathDemon-X: tehn why dont u get soem damn units
(78:31 / All) Blahsmack: ill take screen shots
(78:35 / All) Blahsmack: and send them to you on aim
(81:41 / All) Blahsmack: lol
(81:51 / All) Blahsmack: noob
(82:02 / All) Blahsmack: 21142 gold
(82:04 / All) Blahsmack: woot
(82:47 / All) Blahsmack: are you this bad at dota aLSO?
(85:22 / All) Blahsmack: you like to was gold
(85:25 / All) Blahsmack: waste
(90:09 / All) Blahsmack: LOL